AoeStats
← Dani120588

Black Forest

510451149Analyzed
4v4 RM · 13h ago on Oct 1, 2026· 55m 5s· 8 players
Game mode
Random Map
Map size
Large (8 player)
Population
200
Speed
Normal
Resources
Standard
Victory
Conquest
Starting age
Dark Age
Ending age
Imperial Age
RankedLock teamsTeams togetherTeam positionsShared explorationLock speedFull tech treeHidden civsTurbo modeCheats
Victory
Defeat
🇨🇴 Burgundians · Colombia
1105
+6
🇳🇮 Bohemians · Nicaragua
1000
+9
🇨🇷 Britons · Costa Rica
755
+19
🇨🇷 Franks · Costa Rica
734
+20
🇺🇸 Saracens · United States
1014
-20
🇺🇸 Goths · United States
1009
-20
🇺🇸 Celts · United States
733
-9
🇺🇸 Hindustanis · United States
578
-5
NWI Nutball
15:12 Feudal Age
17:32 Wheelbarrow
17:18 Double-Bit Axe
21:18 Horse Collar
29:53 Forging
29:46 Scale Mail Armor
29:37 Fletching
29:47 Padded Archer Armor
32:17 Castle Age
TeamBudRage
0:46 Loom
13:27 Feudal Age
14:06 Double-Bit Axe
14:12 Horse Collar
19:51 Castle Age
18:19 Gold Mining
19:43 Forging
19:38 Scale Mail Armor
21:18 Bow Saw
23:53 Heavy Plow
34:20 Wheelbarrow
34:04 Stone Mining
34:51 Iron Casting
36:47 Chain Mail Armor
37:29 Squires
40:05 Imperial Age
37:55 Fletching
38:57 Anarchy
38:24 Crossbowman
40:00 Bodkin Arrow
40:12 Town Watch
40:45 Hand Cart
41:05 Perfusion
40:27 Elite Huskarl
41:21 Bracer
40:45 Elite Skirmisher
43:03 Blast Furnace
43:51 Padded Archer Armor
43:41 Pikeman
45:09 Crop Rotation
45:52 Two-Man Saw
NATIVE RADIX
0:37 Loom
12:11 Feudal Age
14:55 Horse Collar
15:46 Double-Bit Axe
17:45 Wheelbarrow
17:08 Gold Mining
21:17 Castle Age
22:52 Bow Saw
23:35 Hand Cart
23:06 Town Watch
23:50 Heavy Plow
24:44 Gold Shaft Mining
24:00 Stone Mining
31:18 Elite Skirmisher
44:12 Imperial Age
42:21 Forging
42:12 Scale Mail Armor
42:03 Fletching
42:37 Pikeman
43:04 Gambesons
43:59 Stronghold
44:51 Light Cavalry
45:44 Hussar
46:25 Husbandry
47:50 Furor Celtica
48:01 Conscription
47:07 Heavy Scorpion
48:09 Halberdier
48:35 Arson
49:39 Scale Barding Armor
50:11 Iron Casting
53:36 Hoardings
ENJIN3AR
1:30 Loom
12:25 Feudal Age
15:01 Double-Bit Axe
15:44 Horse Collar
18:42 Castle Age
16:50 Stone Mining
16:52 Gold Mining
19:10 Wheelbarrow
20:57 Bow Saw
20:54 Heavy Plow
27:45 Town Watch
28:35 Fervor
28:23 Herbal Medicine
28:54 Sanctity
33:56 Imperial Age
32:42 Husbandry
32:53 Bloodlines
34:37 Forging
34:33 Scale Barding Armor
34:16 Light Cavalry
34:45 Elite Mameluke
35:46 Conscription
36:20 Iron Casting
36:54 Hand Cart
38:24 Blast Furnace
37:45 Chain Barding Armor
38:42 Gold Shaft Mining
37:39 Capped Ram
39:49 Hussar
41:11 Plate Barding Armor
40:26 Fletching
40:37 Scale Mail Armor
40:38 Padded Archer Armor
41:41 Two-Man Saw
40:45 Onager
42:42 Chemistry
41:54 Fortified Wall
41:40 Murder Holes
41:50 Siege Engineers
41:56 Masonry
44:00 Hoardings
46:18 Squires
46:03 Gambesons
45:39 Man-at-Arms
49:06 Counterweights
48:23 Siege Onager
Dani120588
2:02 Loom
12:14 Feudal Age
16:51 Stone Mining
19:53 Castle Age
18:34 Gold Mining
19:49 Double-Bit Axe
20:55 Scale Barding Armor
20:51 Scale Mail Armor
21:12 Forging
22:24 Fletching
28:29 Wheelbarrow
31:44 Imperial Age
31:58 Chain Barding Armor
32:13 Iron Casting
31:52 Onager
32:50 Cavalier
33:30 Husbandry
34:11 Plate Barding Armor
37:17 Chemistry
35:58 Treadmill Crane
36:14 Murder Holes
36:25 Siege Engineers
36:41 Ballistics
37:36 Hand Cart
37:08 Town Watch
38:26 Blast Furnace
37:23 Bodkin Arrow
37:35 Paladin
38:53 Bow Saw
46:46 Chivalry
47:07 Conscription
Tito_kratos003
3:57 Loom
12:50 Feudal Age
13:01 Feudal Age
18:08 Castle Age
16:26 Double-Bit Axe
18:17 Horse Collar
20:16 Bow Saw
24:09 Bow Saw
25:19 Scale Barding Armor
26:34 Heavy Plow
27:51 Wagenburg Tactics
32:05 Imperial Age
32:00 Husbandry
32:44 Caravan
35:46 Chemistry
35:07 Ballistics
34:54 Siege Engineers
35:50 Houfnice
35:57 Houfnice
36:43 Scale Mail Armor
36:53 Forging
37:44 Wheelbarrow
36:51 Cavalier
37:57 Pikeman
38:55 Chain Mail Armor
39:16 Iron Casting
41:13 Conscription
43:14 Two-Man Saw
43:40 Murder Holes
43:08 Halberdier
43:48 Squires
43:34 Arson
44:21 Plate Mail Armor
44:51 Blast Furnace
44:12 Chain Barding Armor
45:05 Masonry
46:29 Padded Archer Armor
46:19 Fletching
52:20 Architecture
52:09 Leather Archer Armor
51:49 Bodkin Arrow
55:34 Fortified Wall
55:15 Guard Tower
Kakashi
1:07 Loom
14:05 Feudal Age
15:01 Town Watch
25:48 Castle Age
23:35 Double-Bit Axe
23:33 Horse Collar
23:44 Gold Mining
23:46 Stone Mining
26:03 Crossbowman
26:35 Fletching
26:46 Padded Archer Armor
27:33 Bodkin Arrow
31:52 Leather Archer Armor
32:02 Ballistics
31:38 Murder Holes
32:32 Wheelbarrow
32:09 Bow Saw
32:02 Heavy Plow
32:38 Gold Shaft Mining
37:40 Imperial Age
35:34 Scale Mail Armor
37:51 Forging
37:06 Pikeman
38:55 Ring Archer Armor
38:50 Conscription
40:28 Chemistry
39:10 Treadmill Crane
39:29 Elite Skirmisher
41:23 Arbalester
45:00 Town Patrol
46:35 Hand Cart
46:54 Bracer
49:25 Yeomen
51:08 Guard Tower
51:04 Arrowslits
53:08 Elite Longbowman
54:20 Cranequins
[CCMNG]JhonStrong
13:50 Feudal Age
13:46 Double-Bit Axe
18:07 Castle Age
17:22 Bow Saw
16:54 Horse Collar
20:54 Two-Man Saw
23:32 Loom
24:34 Wheelbarrow
23:57 Gold Mining
25:45 Heavy Plow
26:12 Stone Mining
33:14 Imperial Age
31:01 Padded Archer Armor
30:51 Fletching
31:26 Ballistics
30:50 Treadmill Crane
32:10 Burgundian Vineyards
32:24 Masonry
32:54 Bodkin Arrow
33:14 Leather Archer Armor
33:53 Scale Barding Armor
33:59 Forging
35:10 Chemistry
34:23 Bracer
35:32 Chain Barding Armor
35:47 Iron Casting
37:58 Crop Rotation
43:30 Elite Coustillier
44:37 Conscription
55:42 Architecture
Connection lost

Rejoining the realm…

Still unreachable

The connection could not be restored.

Session expired

The server has moved on; the page needs a fresh start.